 Dungeon Crawl Stone Soup version 0.31.0-9-g3a7656b989 (webtiles) character file.

Game seed: 4726368066726916631

308 qw the Shooter (level 6, -4/30 HPs)
             Began as a Spriggan Hunter on Feb 2, 2024.
             Frozen to death by an endoplasm (5 damage)
             ... in a sewer.
             The game lasted 00:00:13 (2912 turns).

qw the Shooter (Spriggan Hunter)                    Turns: 2912, Time: 00:00:14

Health: -4/30      AC:  4    Str:  7    XL:     6   Next: 17%
Magic:  7/7        EV: 21    Int: 11    God:
Gold:   238        SH:  0    Dex: 20    Spells: 5/5 levels left

rFire   . . .        a - +0 shortbow
rCold   . . .        (shield currently unavailable)
rNeg    . . .        c - +0 robe
rPois   .            (helmet restricted)
rElec   .            j - +1 cloak
rCorr   .            (gloves unavailable)
SInv    +            (boots unavailable)
Will    ++...        (no amulet)
Stlth   ++           b - ring of willpower
HPRegen 0.25/turn    (no ring)
MPRegen 0.10/turn

%: no passive effects
@: very quick
A: very small, no large weapons, unfitting armour, see invisible, speed 3
a: no special abilities


You were in a sewer.
You visited 1 branch of the dungeon, and saw 4 of its levels.
You also visited: Sewer.

You collected 238 gold pieces.


Innate Abilities, Weirdness & Mutations

You are very small and have problems with some larger weapons.
You are too small for most types of armour.
You have supernaturally acute eyesight. (SInv)
You cover ground extremely quickly. (Speed+++)


   Skills:
 - Level 2.1 Fighting
 - Level 6.0 Ranged Weapons
 + Level 5.9 Dodging
 - Level 1.5 Stealth


You had 5 spell levels left.
You didn't know any spells.
Your spell library was empty.

Inventory:

Hand Weapons
 a - a +0 shortbow (weapon)
Armour
 c - a +0 robe (worn)
 j - a +1 cloak (worn)
Jewellery
 b - a ring of willpower (left hand)
Wands
 g - a wand of paralysis (13)
Potions
 d - 2 potions of might
 h - a potion of enlightenment

Dungeon Overview and Level Annotations

Branches:
Dungeon (4/15)              Sewer (1/1)
 Temple: D:4-7

Altars:
Sif Muna


Message History

You are frozen.
The giant cockroach completely misses you.
You shoot an arrow. The arrow closely misses the river rat.
The river rat misses you. The rat completely misses you.
The giant cockroach closely misses you.
The endoplasm splashes around in the water.
You shoot an arrow. The arrow closely misses the river rat.
The rat completely misses you. The river rat misses you.
The giant cockroach completely misses you.
The endoplasm closely misses you. The river rat misses you. The rat misses you.
You shoot an arrow. The arrow hits the river rat.
You kill the river rat!
The giant cockroach completely misses you.
The endoplasm freezes you.
You are frozen.
The giant cockroach bites you but does no damage.
The rat misses you.
You shoot an arrow. The arrow hits the rat.
The rat is moderately wounded.
The endoplasm hits you but does no damage.
The giant cockroach splashes around in the water.
The rat barely misses you.
A jelly comes into view.
You shoot an arrow. The arrow closely misses the rat.
The giant cockroach splashes around in the water.
The endoplasm freezes you.
You are frozen.
The rat closely misses you.
You shoot an arrow. The arrow barely misses the rat.
The giant cockroach completely misses you.
The endoplasm closely misses you.
The rat splashes around in the water.
The giant cockroach misses you.
You shoot an arrow. The arrow hits the rat.
The rat is severely wounded.
The endoplasm hits you.
The rat splashes around in the water.
The giant cockroach completely misses you.
You shoot an arrow. The arrow hits the rat.
You kill the rat!
The endoplasm freezes you.
You are frozen.
You die...

#~~~ #### ~~.
~.~# #~.###
.~.##.~~#..
~.~#~.~~~.
....~..~#
#J%..~~~~
#@B~.##
##%J.~~##
##..~....#
###..~.##....
##~.~~.## ...
#.~.~~## ..
#~~~### .
##.~## #...#


You could see a jelly, an endoplasm and a giant cockroach.

Vanquished Creatures
  A jelly (Sewer)
  4 orc wizards (D:3)
  6 adders
  2 river rats (Sewer)
  3 ribbon worms (D:2)
  5 orcs (D:3)
  11 bats
  10 endoplasms
  12 giant cockroaches
  5 goblins
  5 hobgoblins
  A jackal (D:2)
  3 kobolds
  6 quokkas
  5 ball pythons
  5 frilled lizards
  11 rats
95 creatures vanquished.

Notes
Turn   | Place    | Note
-------+----------+-------------------------------------------
     0 | D:1      | qw the Spriggan Hunter began the quest for the Orb.
     0 | D:1      | Reached XP level 1. HP: 10/10 MP: 2/2
     0 | D:1      | 0 ||| qw: Version: 0.3-a-155-g5e7d8dd
     0 | D:1      | 0 ||| qw: Game counter: 1852
     0 | D:1      | 0 ||| qw: Melee chars always use a shield: true
     0 | D:1      | 0 ||| qw: God list: Okawaru
     0 | D:1      | 0 ||| qw: Allow faded altars: false
     0 | D:1      | 0 ||| qw: Do Orc after clearing Dungeon:15 true
     0 | D:1      | 0 ||| qw: Do second Lair branch before Depths: true
     0 | D:1      | 0 ||| qw: Lair rune preference: random
     0 | D:1      | 0 ||| qw: Goals: Normal
     0 | D:1      | 0 ||| PLANNING D:1-11
    36 | D:1      | Reached skill level 3 in Dodging
   140 | D:1      | Reached XP level 2. HP: 12/14 MP: 3/3
   625 | D:1      | 625 ||| UPGRADING to +0 cloak.
   630 | D:1      | 630 ||| READING scroll labelled ICACVU YSSIVO.
   630 | D:1      | 630 ||| ENCHANTING +0 cloak.
   631 | D:1      | 631 ||| READING scroll labelled JEIM VYEKOUNK.
   631 | D:1      | 631 ||| IDENTIFYING sedimented white potion
   632 | D:1      | 632 ||| DRINKING 2 smoky coppery potions.
   633 | D:1      | 633 ||| DROPPING scroll of butterflies.
   654 | D:2      | Found a shimmering blue altar of Sif Muna.
   656 | D:2      | 656 ||| STAIRDANCE
   755 | D:2      | You fall into a shaft and drop 1 floor!
   756 | D:3      | 756 ||| READING scroll of identify.
   756 | D:3      | 756 ||| IDENTIFYING dark potion
   757 | D:3      | 757 ||| READING scroll labelled NAPNEZI ZASEM.
   758 | D:3      | 758 ||| READING scroll labelled CIB KEOME.
   842 | D:2      | Reached XP level 3. HP: 17/18 MP: 4/4
   845 | D:2      | 845 ||| FLEEEEING.
  1346 | D:2      | Reached skill level 5 in Ranged Weapons
  1445 | D:2      | Reached XP level 4. HP: 22/22 MP: 5/5
  1650 | D:2      | 1650 ||| READING 2 scrolls of identify.
  1650 | D:2      | 1650 ||| IDENTIFYING bubbling emerald potion
  1651 | D:2      | 1651 ||| READING scroll of identify.
  1651 | D:2      | 1651 ||| IDENTIFYING scroll labelled SEPOIMNELIO
  1652 | D:2      | 1652 ||| DROPPING scroll of fear.
  1775 | D:3      | 1775 ||| DRINKING 2 potions of curing.
  1775 | D:3      | 1775 ||| (to cure confusion)
  1779 | D:3      | 1779 ||| DRINKING potion of curing.
  1779 | D:3      | 1779 ||| (to cure confusion)
  1787 | D:3      | 1787 ||| FLEEEEING.
  1806 | D:3      | 1806 ||| FLEEEEING.
  1807 | D:3      | 1807 ||| FLEEEEING.
  1821 | D:3      | 1821 ||| FLEEEEING.
  1822 | D:3      | 1822 ||| FLEEEEING.
  1824 | D:3      | 1824 ||| FLEEEEING.
  1825 | D:3      | 1825 ||| FLEEEEING.
  1878 | D:3      | Reached XP level 5. HP: 12/26 MP: 6/6
  2196 | D:3      | 2196 ||| FLEEEEING.
  2197 | D:3      | 2197 ||| FLEEEEING.
  2198 | D:3      | 2198 ||| FLEEEEING.
  2200 | D:3      | 2200 ||| FLEEEEING.
  2201 | D:3      | 2201 ||| FLEEEEING.
  2202 | D:3      | 2202 ||| FLEEEEING.
  2203 | D:3      | 2203 ||| FLEEEEING.
  2206 | D:3      | 2206 ||| FLEEEEING.
  2207 | D:3      | 2207 ||| FLEEEEING.
  2209 | D:3      | 2209 ||| FLEEEEING.
  2210 | D:3      | 2210 ||| FLEEEEING.
  2211 | D:3      | 2211 ||| FLEEEEING.
  2212 | D:3      | 2212 ||| FLEEEEING.
  2213 | D:3      | 2213 ||| FLEEEEING.
  2214 | D:3      | 2214 ||| FLEEEEING.
  2215 | D:3      | 2215 ||| STAIRDANCE
  2526 | D:3      | 2526 ||| READING scroll labelled VOUXZA KEGGU.
  2527 | D:3      | 2527 ||| READING scroll labelled PAGASK PYUZO.
  2561 | D:4      | 2561 ||| PLANNING SEWER
  2746 | D:4      | Found a glowing drain.
  2753 | D:4      | 2753 ||| UPGRADING to ring of willpower.
  2763 | Sewer    | Entered a sewer
  2784 | Sewer    | Reached skill level 6 in Ranged Weapons
  2887 | Sewer    | HP: 3/26 [frozen (5)]
  2888 | Sewer    | 2888 ||| DRINKING potion of heal wounds.
  2892 | Sewer    | Reached XP level 6. HP: 24/30 MP: 7/7
  2902 | Sewer    | HP: 4/30 [frozen (4)]
  2907 | Sewer    | HP: 3/30 [frozen (2)]
  2911 | Sewer    | HP: 1/30 [endoplasm (2)]
  2912 | Sewer    | Frozen to death by an endoplasm

Levels and vault maps discovered:
D:1:      minmay_arrival_stone_box, layout_basic, minmay_pentomino_z2
D:2:      wad_river_or_something, layout_loops_ring, basic_altar,
          kennysheep_generic_room_12
D:3:      layout_loops_ring
D:4:      layout_loops_corners, gup_sewer_entry_pipe, uniq_natasha
Sewer:    sewer_hellmonk_slimy_pipes

Skill      XL: |  1  2  3  4  5 |
---------------+----------------+-----
Dodging        | 3 4 5 |  5.9
Ranged Weapons | 5 6 |  6.0
Fighting       | 2 |  2.1
Stealth        | |  1.5

Action                     |  1- 3 |  4- 6 || total
---------------------------+-------+-------++-------
   Fire: Shortbow          |   125 |   191 ||   316
    Use: Scroll            |     5 |     4 ||     9
         Potion            |     1 |     3 ||     4
 Armour: Robe              |    21 |    32 ||    53
  Dodge: Dodged            |    54 |   141 ||   195

Table legend:
 A = Non-vault XP
 B = Vault XP
 C = Vault XP percentage of total XP
 D = Non-vault monster count
 E = Vault monster count
 F = Vault count percentage of total count
                 A         B        C        D         E       F
            +---------+---------+-------+---------+---------+-------
      Total |     255 |     187 |  42.3 |      51 |      44 |  46.3
            +---------+---------+-------+---------+---------+-------
        D:1 |      25 |       1 |   3.8 |      13 |       1 |   7.1
        D:2 |      30 |      42 |  58.3 |      16 |       9 |  36.0
        D:3 |     182 |       0 |   0.0 |      18 |       0 |   0.0
        D:4 |      18 |      14 |  43.8 |       4 |       7 |  63.6
      Sewer |       0 |     130 | 100.0 |       0 |      27 | 100.0
            +---------+---------+-------+---------+---------+-------
